Map: Acid Plant LE

Players

PtitDrogo - Winner!

  • Race: Protoss Protoss
  • Spawn Location: 5:00

FeaR

  • Race: Protoss Protoss
  • League: Master
  • Spawn Location: 11:00

Event: HomeStory Cup XVII

VOD

Have the link to the VOD?

Description

Time

  • Played on: June 29, 2018, 6:35 a.m.
  • Length: 6:00

All games in this series

Show
View Real Time Build Order
Export as new Build Order

PtitDrogo Protoss - Winner!

Build Orders: Phoenix Opening 

Get SALT Encoding   

  12  0:00  Probe  
  13  0:12  Probe  
  14  0:17  Pylon  
  14  0:23  Probe  
  15  0:32  Probe  
  15  0:37  Gateway  
  15  0:40  Probe  
  16  0:45  Assimilator  
  17  0:50  Probe  
  17  0:54  Assimilator  
  18  0:58  Probe  
  19  1:06  Probe  
  20  1:14  Gateway  
  20  1:17  Probe  
  20  1:25  Cybernetics Core  
  21  1:29  Probe  
  22  1:34  Pylon  
  22  1:41  Probe  
  23  1:53  Probe, Warp Gate  
  24  2:03  Sentry, Stalker  
  28  2:11  Pylon  
  28  2:29  Stalker  
  30  2:33  Stalker  
  32  2:43  Nexus  
  31  2:46  Probe  
  32  2:52  Shield Battery  
  32  2:59  Probe  
  32  3:04  Sentry  
  35  3:06  Stalker  
  35  3:11  Probe  
  38  3:13  Phoenix  
  38  3:17  Pylon  
  38  3:23  Probe  
  39  3:37  Robotics Facility  
  39  3:41  Shield Battery  
  39  3:45  Probe  
  40  3:56  Stalker  
  40  3:57  Probe  
  40  3:58  Stalker  
  40  4:02  Probe  
  46  4:12  Probe  
  46  4:14  Probe  
  48  4:18  Shield Battery  
  48  4:20  Sentry  
  48  4:21  Immortal, Sentry  
  52  4:24  Probe  
  52  4:27  Probe  
  54  4:37  Pylon  
  58  4:39  Probe  
  58  4:42  Probe  
  60  4:46  Zealot  
  60  4:52  Immortal  
  62  4:55  Probe  
  62  4:56  Stalker  
  65  5:04  Probe  
  70  5:11  Pylon  
  70  5:29  Probe x2  
  70  5:32  Stalker x2  
  62  5:58  Stalker  
Show
View Real Time Build Order
Export as new Build Order

FeaR Protoss 

Build Orders:  

Get SALT Encoding   

  12  0:00  Probe  
  13  0:12  Probe  
  14  0:19  Pylon  
  14  0:24  Probe  
  15  0:33  Probe  
  15  0:38  Gateway  
  15  0:41  Probe  
  17  0:50  Assimilator  
  17  0:51  Probe  
  17  0:54  Assimilator  
  18  0:59  Probe  
  19  1:07  Gateway, Probe  
  20  1:18  Probe  
  20  1:25  Cybernetics Core  
  21  1:30  Probe  
  22  1:33  Pylon  
  22  1:42  Probe  
  23  2:01  Adept x2  
  23  2:02  Warp Gate, Pylon  
  27  2:28  Adept x2, Robotics Facility  
  31  2:56  Sentry x2  
  35  3:03  Immortal  
  35  3:06  Nexus  
  35  3:18  Pylon  
  39  3:33  Warp Prism  
  37  3:40  Gateway  
  39  4:01  Probe  
  40  4:04  Sentry x2  
  44  4:13  Probe  
  45  4:18  Probe  
  46  4:25  Gateway, Probe  
  48  4:33  Stalker x2  
  48  4:36  Stalker  
  48  4:37  Probe x2  
  56  4:53  Adept x2  
  56  4:57  Pylon  
  59  5:10  Stalker  
  61  5:21  Stalker x2  
  61  5:22  Stalker  
  67  5:35  Sentry  
  59  5:46  Adept  
  59  5:47  Adept x2  
Tags
 
Add a new tag
Caveats
  • Supply blocks, unpowered buildings, or Contaminate may cause inaccurate times.
  • Supply counts are checked every 10 seconds.